 Dungeon Crawl Stone Soup version 0.30-a0-860-g512cf1e979 (webtiles) character file.

Game seed: 10974438072538735857

1414 spaztic the Basher (level 8, 0/74 HPs)
             Began as a Minotaur Berserker on Mar 8, 2023.
             Was a High Priest of Trog.
             Slain by a gnoll
             ... wielding a +0 spear
             ... led by a gnoll bouda
              (2 damage)
             ... on level 5 of the Dungeon.
             The game lasted 00:15:40 (5341 turns).

spaztic the Basher (Minotaur Berserker)             Turns: 5341, Time: 00:15:41

Health: 0/74       AC:  6    Str: 30    XL:     8   Next: 43%
Magic:  0/7        EV: 12    Int:  4    God:    Trog [*****.]
Gold:   222        SH:  0    Dex: 10    Spells: 7/7 levels left

rFire   . . .      SeeInvis .    E - +3 mace
rCold   . . .      Faith    .    (no shield)
rNeg    . . .      Spirit   +    I - +3 leather armour
rPois   .          Reflect  .    (helmet restricted)
rElec   .          Rampage  .    (no cloak)
rCorr   .                        (no gloves)
Will    +....                    (no boots)
Stlth   ++                       o - amulet of guardian spirit
HPRegen 0.32/turn                y - +6 ring of strength
MPRegen 0.10/turn                c - ring of willpower

@: no status effects
A: horns 2, retaliatory headbutt
a: Renounce Religion, Berserk, Trog's Hand, Brothers in Arms


You were on level 5 of the Dungeon.
You worshipped Trog.
Trog was extremely pleased with you.
You visited 1 branch of the dungeon, and saw 5 of its levels.
You also visited: Ossuary.

You collected 222 gold pieces.

Inventory:

Hand Weapons
 a - a +0 mace
 E - a +3 mace (weapon)
Missiles
 e - 51 stones (quivered)
Armour
 b - a +0 ring mail
 r - a +0 leather armour
 I - a +3 leather armour (worn)
Jewellery
 c - a ring of willpower (right hand)
 o - an amulet of guardian spirit (around neck)
 y - a +6 ring of strength (left hand)
 H - the ring "Gifoin" {rCorr AC+4 Str+2 Stlth+}
   (You found it on level 4 of the Dungeon)

   [ring of protection]

   AC:        It affects your AC (+4).
   Str:       It affects your strength (+2).
   rCorr:     It protects you from acid and corrosion.
   Stlth:     It makes you more stealthy.
Wands
 s - a wand of mindburst (11)
Scrolls
 f - a scroll of poison {unknown}
 g - 2 scrolls of fog {unknown}
 h - 5 scrolls of teleportation {unknown}
 i - a scroll of silence {unknown}
 j - 4 scrolls of identify {unknown}
 k - a scroll of enchant armour {unknown}
 m - 3 scrolls of noise {unknown}
 p - a scroll of magic mapping {unknown}
 q - a scroll of torment {unknown}
 w - a scroll of butterflies {unknown}
 D - a scroll of blinking {unknown}
 G - a scroll of amnesia {unknown}
Potions
 d - 4 potions of attraction {unknown}
 l - 3 potions of curing
 n - a potion of mutation {unknown}
 t - a potion of magic {unknown}
 u - 3 potions of brilliance {unknown}
 v - 2 potions of lignification {unknown}
 x - a potion of degeneration {unknown}
 z - a potion of haste
 A - a potion of flight {unknown}
 B - a potion of might {unknown}
 C - a potion of ambrosia {unknown}
 F - a potion of heal wounds {unknown}


   Skills:
 + Level 7.7 Fighting
 + Level 10.4 Maces & Flails
 + Level 0.5 Throwing
 - Level 2.4 Armour
 - Level 2.1 Dodging
 + Level 2.4 Stealth


You had 7 spell levels left.
You didn't know any spells.
Your spell library was empty.

Dungeon Overview and Level Annotations

Branches:
Dungeon (5/15)            Ossuary (visited)
 Temple: D:4-7

Altars:
Dithmenos
Hepliaklqana
Kikubaaqudgha
Yredelemnul


Innate Abilities, Weirdness & Mutations

You have a pair of horns on your head.
You reflexively headbutt those who attack you in melee.


Message History

The gnoll bouda barks out a call to the hunt!
The gnolls pick up the pace!
The gnoll hits you from afar with a +0 spear.
You hit the gnoll bouda. Your headbutt misses the gnoll bouda.
The gnoll bouda is heavily wounded.
The gnoll misses you.
The gnoll hits you from afar with a +0 halberd.
The gnoll bouda attacks as you move away!
The gnoll bouda closely misses you. The gnoll hits you with a +0 spear.
The gnoll hits you with a +0 halberd. The gnoll closely misses you.
You hit the gnoll bouda.
The gnoll bouda is almost dead.
The gnoll closely misses you. The gnoll hits you but does no damage.
The gnoll hits you with a +0 halberd! The gnoll closely misses you.
You hit the gnoll bouda.
You kill the gnoll bouda!
Trog accepts your kill. The gnoll barely misses you.
The gnoll hits you with a +0 spear. The gnoll hits you with a +0 halberd.
The gnoll misses you. The gnoll attacks as you move away!
The gnoll hits you with a +0 halberd! The gnoll barely misses you.
You furiously retaliate!
You headbutt the gnoll! The gnoll hits you but does no damage.
The gnoll hits you from afar with a +0 halberd!
* * * LOW HITPOINT WARNING * * *
The gnoll misses you.
Things that are here:
a +0 club; a +0 leather armour You bludgeon the gnoll!!
You kill the gnoll!
Trog accepts your kill. The gnoll closely misses you.
The gnoll hits you from afar with a +0 halberd.
* * * LOW HITPOINT WARNING * * *
The gnoll hits you from afar with a +0 halberd!
* * * LOW HITPOINT WARNING * * *
The gnoll misses you.
You see here a +0 spear.
The gnoll closely misses you.
The gnoll hits you from afar with a +0 spear.
You die...

#.§§§)§.....# .# #........
#.....#.....##.# #.####...
#####.......#..########.####...
###...........>..))........
#....##........)....##...
#...)g..........######...
####.g##.......## #...
#...gg######### #...
#......@....... ####
#.....######### #######


You could see 3 gnolls.

Vanquished Creatures
  Duvessa (D:4)
  A phantom (D:5)
  5 necrophages (D:4)
  A scorpion (D:5)
  2 wights (D:4)
  Dowan (D:4)
  2 jellies
  A gnoll bouda (D:5)
  2 orc priests
  4 hounds
  A human zombie (D:4)
  A sleepcap (D:5)
  A scorpion zombie (D:4)
  An orc wizard (D:4)
  A hound zombie (D:4)
  A mummy (Ossuary)
  9 gnolls
  7 adders
  An adder zombie (D:4)
  A worm (D:5)
  6 dart slugs
  12 orcs
  5 spectral bats (Ossuary)
  4 ball pythons
  6 endoplasms
  3 giant cockroaches
  12 gnoll zombies (Ossuary)
  3 goblins
  7 hobgoblins
  9 jackals
  12 kobolds
  A quokka (D:3)
  2 training dummies (D:4)
  12 bats
  6 bat simulacra (Ossuary)
  2 frilled lizards (D:1)
  4 goblin simulacra (Ossuary)
  3 goblin zombies (Ossuary)
  6 hobgoblin zombies (Ossuary)
  A kobold simulacrum (Ossuary)
  5 kobold zombies (Ossuary)
  4 orc zombies (Ossuary)
  A quokka zombie (D:4)
  4 rats (D:1)
  6 rat simulacra (Ossuary)
  A spectral goblin (Ossuary)
  2 spectral kobolds (Ossuary)
  4 spectral rats (Ossuary)
187 creatures vanquished.

Notes
Turn   | Place    | Note
-------+----------+-------------------------------------------
     0 | D:1      | spaztic the Minotaur Berserker began the quest for the Orb.
     0 | D:1      | Reached XP level 1. HP: 19/19 MP: 0/0
   230 | D:1      | Reached skill level 4 in Maces & Flails
   232 | D:1      | Reached XP level 2. HP: 26/27 MP: 1/1
   591 | D:1      | Reached XP level 3. HP: 31/34 MP: 2/2
   643 | D:1      | Reached ** piety under Trog
  1216 | D:2      | Reached XP level 4. HP: 32/41 MP: 3/3
  1318 | D:2      | Reached skill level 5 in Maces & Flails
  1481 | D:2      | Reached skill level 5 in Fighting
  1727 | D:3      | Found a hazy altar of Hepliaklqana.
  1840 | D:3      | Reached XP level 5. HP: 31/48 MP: 4/4
  2007 | D:3      | Reached skill level 6 in Maces & Flails
  2099 | D:3      | Found a shadowy altar of Dithmenos.
  2216 | D:5      | Entered Level 5 of the Dungeon
  2408 | D:5      | Reached XP level 6. HP: 29/56 MP: 5/5
  2518 | D:5      | Reached *** piety under Trog
  2519 | D:5      | Reached skill level 7 in Maces & Flails
  2519 | D:5      | Reached skill level 1 in Stealth
  2591 | D:5      | Found an ancient bone altar of Kikubaaqudgha.
  2720 | D:5      | Found a sand-covered staircase.
  2725 | Ossuary  | Entered an ossuary
  2858 | Ossuary  | Reached **** piety under Trog
  3144 | D:5      | Reached XP level 7. HP: 42/62 MP: 6/6
  3536 | D:5      | Reached skill level 8 in Maces & Flails
  4333 | D:4      | Identified the ring "Gifoin" {rCorr AC+4 Str+2 Stlth+}
  4359 | D:4      | Noticed Duvessa
  4359 | D:4      | Noticed Dowan
  4367 | D:4      | Killed Duvessa
  4368 | D:4      | Reached skill level 9 in Maces & Flails
  4370 | D:4      | Killed Dowan
  4370 | D:4      | HP: 3/64 [poisoned by Duvessa]
  4822 | D:4      | Reached XP level 8. HP: 57/73 MP: 7/7
  4851 | D:4      | Found a basalt altar of Yredelemnul.
  5129 | D:4      | Reached skill level 10 in Maces & Flails
  5143 | D:4      | Reached ***** piety under Trog
  5337 | D:5      | HP: 1/74 [gnoll/+0 halberd[a gnoll bouda] (13)]
  5341 | D:5      | Slain by a gnoll

Illustrated notes

Levels and vault maps discovered:
D:1:      mrwooster_arrival_statue_2, layout_basic, minmay_misc_feat_columns
D:2:      layout_basic, kennysheep_generic_room_15
D:3:      layout_rooms, grunt_dithmenos_smoke_and_mirrors, lemuel_crystal_altar
D:4:      dreamdust_elfheim, layout_loops_ring,
          lemuel_mausoleum_altar_yredelemnul, kennysheep_generic_room_5
D:5:      layout_rooms, mainiacjoe_overflow_concentric_impassable,
          enter_ossuary_2

Skill      XL: |  1  2  3  4  5  6  7  8 |
---------------+-------------------------+-----
Fighting       | 4 5 6 7 |  7.7
Maces & Flails | 4 5 6 7 9 10 | 10.4
Stealth        | 1 2 |  2.4
Throwing       | |  0.5
Armour         | |  2.4
Dodging        | |  2.1

Action                     |  1- 3 |  4- 6 |  7- 9 || total
---------------------------+-------+-------+-------++-------
  Melee: Mace              |    70 |   228 |   116 ||   414
         Headbutt          |    10 |    37 |    21 ||    68
         Punch             |       |     2 |     2 ||     4
  Throw: Stone             |       |     5 |       ||     5
    Use: Potion            |     1 |       |     1 ||     2
   Stab: Sleeping          |       |     2 |     6 ||     8
         Distracted        |       |     1 |       ||     1
 Armour: Animal skin       |    12 |    11 |       ||    23
         Leather armour    |       |    51 |    26 ||    77
  Dodge: Dodged            |    69 |   118 |    77 ||   264

Table legend: (Time is in decaauts)
 A = Elapsed time spent in this place.
 B = Non-inter-level travel time spent in this place.
 C = Inter-level travel time spent in this place.
 D = Time resting spent in this place.
 E = Time spent auto-exploring this place.
 F = Levels seen in this place.
 G = Mean time per level.
                   A        B        C        D        E       F      G
               +--------+--------+--------+--------+--------+-----+--------+
         Total |   5345 |   5258 |     87 |   1126 |   2593 |   6 |  890.8 |
       Dungeon |   4930 |   4843 |     87 |   1112 |   2593 |   5 |  986.0 |
       Ossuary |    415 |    415 |      0 |     14 |      0 |   1 |  415.0 |
               +--------+--------+--------+--------+--------+-----+--------+

Top non-repeatable levels by time:
     D:4: 1573 daAuts
     D:5: 1189 daAuts
     D:1: 1143 daAuts
     D:2: 537 daAuts
     D:3: 486 daAuts
 Ossuary: 415 daAuts
